 Seeded DCSS version 0.29-a0-375-g5102b3be25 (webtiles) character file.

Game seed: 13605594255664981076 (custom seed)

1459 thiscave3701365 the Cleaver (level 8, -2/67 HPs)
             Began as a Minotaur Berserker on May 3, 2022.
             Was a Priest of Trog.
             Slain by an ice beast (5 damage)
             ... on level 6 of the Dungeon.
             The game lasted 00:08:07 (8481 turns).

thiscave3701365 the Cleaver (Minotaur Berserker)    Turns: 8481, Time: 00:08:08

Health: -2/67      AC: 11    Str: 24    XL:     8   Next: 48%
Magic:  7/7        EV:  7    Int:  4    God:    Trog [***...]
Gold:   248        SH:  0    Dex: 10    Spells: 7/7 levels left

rFire   . . .      SeeInvis .   a - +0 hand axe
rCold   . . .      Faith    .   (no shield)
rNeg    . . .      Spirit   .   s - +0 plate armour
rPois   .          Reflect  .   (helmet restricted)
rElec   .          Harm     .   (no cloak)
rCorr   .          Rampage  .   (no gloves)
Will    .....                   (no boots)
Stlth   ..........              (no amulet)
HPRegen 0.21/turn               (no ring)
MPRegen 0.10/turn               (no ring)

@: lethally poisoned (-2 -> -7), on berserk cooldown, slowed, very slow
A: horns 2, retaliatory headbutt
a: Renounce Religion, Berserk, Trog's Hand


You were on level 6 of the Dungeon.
You worshipped Trog.
Trog was most pleased with you.
You visited 1 branch of the dungeon, and saw 6 of its levels.

You collected 248 gold pieces.

Inventory:

Hand Weapons
 a - a +0 hand axe (weapon)
Missiles
 l - a throwing net
Armour
 b - a +1 chain mail of poison resistance
 s - a +0 plate armour (worn)
Wands
 g - a wand of charming (10)
 i - a wand of digging (3)
 r - a wand of polymorph (4)
Scrolls
 d - a scroll of poison
 e - 5 scrolls of identify
 h - a scroll of fog
 q - a scroll of fear {unknown}
Potions
 c - a potion of brilliance {unknown}
 f - 2 potions of haste {unknown}
 j - a potion of magic
 k - a potion of flight {unknown}
 m - a potion of might {unknown}
 n - a potion of ambrosia {unknown}
 o - a potion of heal wounds {unknown}
 p - 2 potions of mutation {unknown}


   Skills:
 + Level 4.5 Fighting
 + Level 12.0 Axes
 + Level 4.2 Armour
 + Level 3.2 Dodging
 + Level 0.1 Stealth


You had 7 spell levels left.
You didn't know any spells.
Your spell library was empty.

Dungeon Overview and Level Annotations

Branches:
Dungeon (6/15)             Temple (0/1) D:4

Altars:
Ashenzari
Cheibriados
Gozag
Makhleb
Nemelex Xobeh
Okawaru
Uskayaw


Innate Abilities, Weirdness & Mutations

You have a pair of horns on your head.
You reflexively headbutt those who attack you in melee.


Message History

You barely miss the orc.
You feel very sick.
The ice beast hits you but does no damage.
The orc hits you but does no damage.
The water moccasin bites you but does no damage.
You slash the ice beast! You headbutt the ice beast!
The ice beast is almost dead.
You hit the water moccasin but do no damage.
You closely miss the orc.
You feel very sick.
The water moccasin bites you but does no damage.
The ice beast hits you but does no damage.
The orc hits you with a +0 club.
A scorpion comes into view.
The water moccasin bites you.
You are lethally poisoned!
The water moccasin poisons you!
You're still recovering from your berserk rage.
You are too injured to fight recklessly!
You are too injured to fight recklessly!
Unknown command.
You're still recovering from your berserk rage.
You are too injured to fight recklessly!
Unknown command.
You are too injured to fight recklessly!
* * * LOW HITPOINT WARNING * * *
You feel extremely sick. The ice beast barely misses you.
* * * LOW HITPOINT WARNING * * *
You feel extremely sick.
* * * LOW HITPOINT WARNING * * *
You feel very sick. The ice beast barely misses you.
* * * LOW HITPOINT WARNING * * *
You feel very sick.
* * * LOW HITPOINT WARNING * * *
You feel sick. The ice beast hits you.
* * * LOW HITPOINT WARNING * * *
The ice beast freezes you.
You die...

##... ....
#...#....# #.#...#
#JC..# #.#.#.#
#S#.# #o##. #Y# .#
#@# #(
#.############ ##
#.?..'...'...# #.
######...#.######.
#...#........
############.
........ #######.
#.


You could see a cyclops, a water moccasin, an ice beast, a jelly and an orc.

Vanquished Creatures
  A hornet (D:6)
  An ice beast (D:5)
  A black bear (D:5)
  3 ogres
  2 phantoms (D:5)
  2 necrophages (D:5)
  A hound (D:5)
  2 orc priests (D:4)
  A gnoll shaman (D:5)
  An iguana (D:3)
  4 orc wizards
  12 gnolls
  7 adders
  2 ufetubi
  A worm (D:5)
  25 orcs
  4 endoplasms
  3 giant cockroaches
  8 goblins
  4 hobgoblins
  3 jackals (D:1)
  A quokka (D:4)
  10 ball pythons
  A bat (D:3)
  3 frilled lizards
  5 kobolds
  7 rats
115 creatures vanquished.

Notes
Turn   | Place    | Note
-------+----------+-------------------------------------------
     0 | D:1      | thiscave3701365 the Minotaur Berserker began the quest for
                  | the Orb.
     0 | D:1      | Reached XP level 1. HP: 19/19 MP: 0/0
   274 | D:1      | Found a faded altar of an unknown god.
   332 | D:1      | Reached XP level 2. HP: 27/27 MP: 1/1
   446 | D:1      | Reached skill level 4 in Axes
   627 | D:1      | Reached ** piety under Trog
   935 | D:2      | Reached XP level 3. HP: 33/33 MP: 2/2
  1033 | D:2      | Reached XP level 4. HP: 32/40 MP: 3/3
  2350 | D:3      | Reached skill level 5 in Axes
  2614 | D:3      | Found a burning altar of Makhleb.
  2614 | D:3      | Found a hide-covered altar of Uskayaw.
  2897 | D:3      | Reached XP level 5. HP: 47/47 MP: 4/4
  3869 | D:4      | Found a snail-covered altar of Cheibriados.
  3873 | D:4      | Reached skill level 6 in Axes
  4234 | D:4      | Found an iron altar of Okawaru.
  4347 | D:4      | Reached XP level 6. HP: 53/53 MP: 5/5
  4432 | D:4      | Reached skill level 7 in Axes
  5414 | D:4      | Found an opulent altar of Gozag.
  5414 | D:4      | Found a sparkling altar of Nemelex Xobeh.
  5463 | D:4      | Found a staircase to the Ecumenical Temple.
  5606 | D:5      | Entered Level 5 of the Dungeon
  5683 | D:5      | Reached skill level 8 in Axes
  5747 | D:5      | Reached XP level 7. HP: 6/60 MP: 6/6
  6166 | D:5      | Reached skill level 9 in Axes
  6187 | D:5      | Reached *** piety under Trog
  6189 | D:5      | HP: 3/90 [ice beast (14)]
  6750 | D:5      | Reached skill level 10 in Axes
  7533 | D:5      | Reached XP level 8. HP: 67/67 MP: 7/7
  7560 | D:5      | Found a broken altar of Ashenzari.
  7585 | D:5      | Reached skill level 11 in Axes
  7951 | D:5      | Identified the +0 chain mail "Fuibbaimp" {Str+3}
  7998 | D:6      | Noticed a hornet
  8011 | D:6      | Killed a hornet
  8460 | D:6      | Reached skill level 12 in Axes
  8470 | D:6      | Noticed a cyclops
  8481 | D:6      | HP: 3/67 [ice beast (1)]
  8481 | D:6      | Slain by an ice beast

Illustrated notes

Levels and vault maps discovered:
D:1:      wander_arrival_lonely_grave, layout_basic,
          ebering_ecumenical_altar_rust
D:2:      layout_basic, minmay_misc_feat_tower, grunt_decor_mini_mirrors
D:3:      layout_basic, mainiacjoe_overflow_divided_tiny
D:4:      layout_loops_ring, grunt_temple_overflow_opulence,
          general_overflow_altar, mainiacjoe_overflow_24_doors, temple_doors_ab
D:5:      layout_basic, mainiacjoe_overflow_paths
D:6:      layout_basic, serial_shops, nicolae_shop_behind_doors,
          minmay_increasing_density

Skill      XL: |  1  2  3  4  5  6  7  8 |
---------------+-------------------------+-----
Axes           | 4 5 6 8 10 12 | 12.0
Fighting       | 4 |  4.5
Armour         | 3 4 |  4.2
Dodging        | 3 |  3.2
Stealth        | |  0.1

Action                   |  1- 3 |  4- 6 |  7- 9 || total
-------------------------+-------+-------+-------++-------
Melee: Hand axe          |    38 |   159 |   111 ||   308
       Headbutt          |    13 |    18 |    19 ||    50
       Punch             |     1 |     3 |     1 ||     5
Invok: Berserk           |     1 |     8 |     6 ||    15
  Use: Scroll            |       |     8 |       ||     8
Armor: Scale mail        |     5 |    11 |       ||    16
       Chain mail        |       |    41 |    56 ||    97
       Plate armour      |       |       |    18 ||    18
Dodge: Dodged            |    32 |    67 |    38 ||   137

Table legend: (Time is in decaauts)
 A = Elapsed time spent in this place.
 B = Non-inter-level travel time spent in this place.
 C = Inter-level travel time spent in this place.
 D = Time resting spent in this place.
 E = Time spent auto-exploring this place.
 F = Levels seen in this place.
 G = Mean time per level.
                   A        B        C        D        E       F      G
               +--------+--------+--------+--------+--------+-----+--------+
         Total |   8605 |   8269 |    336 |   3520 |   4030 |   6 | 1434.2 |
       Dungeon |   8605 |   8269 |    336 |   3520 |   4030 |   6 | 1434.2 |
               +--------+--------+--------+--------+--------+-----+--------+

Top non-repeatable levels by time:
     D:5: 2383 daAuts
     D:4: 1884 daAuts
     D:2: 1584 daAuts
     D:3: 1452 daAuts
     D:1: 767 daAuts
     D:6: 533 daAuts
